 Dungeon Crawl Stone Soup version bcrawl-1.38b (webtiles) character file.

Game seed: 3024349095068897687

392973 MisterOstroum the Thrower (level 12, -2/96 HPs)
             Began as a Demonspawn Monk on Feb 10, 2023.
             Was a High Priest of Okawaru.
             Slain by a black mamba (11 damage)
             ... on level 3 of the Lair of Beasts on Mar 16, 2023.
             The game lasted 00:36:14 (12237 turns).

MisterOstroum the Thrower (Demonspawn Monk)        Turns: 12237, Time: 00:36:14

Health: -2/96      AC: 11    Str: 19    XL:     12   Next: 13%
Magic:  0/18       EV: 17    Int: 12    God:    Okawaru [*****.]
Gold:   916        SH:  0    Dex: 21    Spells: 11/11 levels left

rFire    + . .     GDR:     35% b - +0 dagger (venom)
rCold    + . .     SeeInvis .   (no shield)
rNeg     . . .     Gourm    .   Q - +1 troll leather armour
rPois    .         Faith    .   c - +0 hat
rElec    .         Spirit   +   D - scarf {rC+ rF+}
rCorr    .         Reflect  .   W - +2 pair of gloves
MR       .....                  u - +1 pair of boots
Stlth    ++........             d - amulet of guardian spirit
HPRegen  0.66/turn              C - +5 ring of dexterity
MPRegen  0.16/turn              B - +3 ring of strength

@: lethally poisoned (-2 -> -25)
A: antennae 2, claws 2, talons 2, demonic guardian 1, powered by pain 2
a: Heroism, Finesse, Renounce Religion


You were on level 3 of the Lair of Beasts.
You worshipped Okawaru.
Okawaru was extremely pleased with you.
You were hungry.

You visited 3 branches of the dungeon, and saw 14 of its levels.

You collected 916 gold pieces.

Inventory:

Hand Weapons
 a - a +4 spear
 b - a +0 dagger of venom (weapon)
 r - a +0 blowgun
 y - a +0 war axe of chopping
Missiles
 l - 1974 stones
 q - 420 poisoned tomahawks
 x - 179 poisoned needles
 A - 38 curare-tipped needles
 G - 211 steel javelins
 P - 149 javelins (quivered)
 T - 2 throwing nets {=f!f}
Armour
 c - a +0 hat (worn)
 u - a +1 pair of boots (worn)
 z - a +0 plate armour
 D - a scarf of resistance (worn)
 I - a +1 plate armour of fire resistance
 Q - a +1 troll leather armour (worn)
 V - a +0 medium shield
 W - a +2 pair of gloves (worn)
Jewellery
 d - an amulet of guardian spirit (around neck)
 B - a +3 ring of strength (right hand)
 C - a +5 ring of dexterity (left hand)
 O - an uncursed ring of protection from fire
 Y - an uncursed ring of protection from magic
Wands
 s - a wand of digging (24)
 F - a wand of flame (13)
 U - a wand of charming (1)
Scrolls
 f - 9 scrolls of remove curse {@r2}
 h - 4 scrolls of enchant weapon
 j - 2 scrolls of blinking
 n - a scroll of fog {unknown}
 p - 2 scrolls of enchant armour
 H - a scroll of magic mapping {@r5 !r}
 J - 2 scrolls of fear {!r}
 K - 5 scrolls of teleportation
 L - a scroll of noise {unknown}
 R - a scroll of summoning {unknown}
 X - 2 scrolls of vulnerability
Potions
 g - 5 potions of heal wounds {@q2 !q}
 i - a potion of mutation {unknown}
 k - 2 potions of berserk rage
 m - 2 potions of might {@q3 !q}
 o - 3 potions of agility {@q5 !q}
 t - 5 potions of haste
 v - 4 potions of lignification {@q6}
 E - 6 potions of curing
 M - a potion of brilliance
 N - a potion of cancellation
 Z - 2 potions of flight
Comestibles
 e - 19 rations {!d}


   Skills:
 + Level 9.4 Fighting
 - Level 4.4 Polearms
 * Level 12.0 Throwing
 + Level 4.0 Armour
 + Level 6.5 Dodging
 - Level 2.0 Stealth
 + Level 4.0 Unarmed Combat
 + Level 8.2 Invocations
 - Level 3.0 Evocations


You had 11 spell levels left.
You didn't know any spells.
Your spell library was empty.

Dungeon Overview and Level Annotations

Branches:
Dungeon (10/12)            Temple (1/1) D:7            Lair (3/6) D:9
  Swamp (0/3) Lair:2       Shoals (0/3) Lair:2
    Orc: D:8-11

Altars:
Ashenzari
Cheibriados
Dithmenos
Fedhas
Lugonu
Makhleb
Nemelex Xobeh
Okawaru
Sif Muna
Uskayaw
Vehumet
Xom

Shops:
D:6 (   D:8 [

Annotations:
D:2 Sigmund
D:7 exclusion: door
Lair:2 1 runed door


Innate Abilities, Weirdness & Mutations

You have a pair of antennae on your head.
You have very sharp fingernails.
You have razor-sharp toenails.
A weak demonic guardian rushes to your aid.
You sometimes gain power by taking damage.


Message History

You feel sick. The black mamba bites you.
You are more poisoned.
The black mamba poisons you!
Your shadow imp hits the black mamba.
The black mamba bites you but does no damage.
You hit the black mamba.
The black mamba is heavily wounded.
You feel sick. The black mamba completely misses you.
Your shadow imp hits the black mamba but does no damage.
You miss the black mamba.
The black mamba is heavily wounded.
You feel sick. The black mamba barely misses you. The black mamba bites you!
Your shadow imp closely misses the black mamba.
You hit the black mamba.
The black mamba is severely wounded.
You feel sick. The black mamba closely misses you.
The dream sheep attempts to lull your shadow imp to sleep.
Your shadow imp is unaffected.
Your shadow imp hits the black mamba but does no damage.
The black mamba bites your shadow imp.
You barely miss the black mamba.
The black mamba is severely wounded.
You feel sick. The black mamba closely misses you.
As the sheep sparkle and sway, your shadow imp falls asleep.
Wield which item (- for none, * to show all)? (? for menu, Esc to quit)
That's the wrong kind of item! (Use * to select it.) Wield which item (- for none, * to show all)? (? for menu, Esc to quit)
Your +0 dagger of venom begins to drip with poison!
b - a +0 dagger of venom (weapon)
You feel sick. The black mamba barely misses you.
Unknown command.
You barely miss the black mamba.
The black mamba is severely wounded.
You feel sick. The black mamba misses you.
Your shadow imp hits the black mamba.
As the sheep sparkle and sway, your shadow imp falls asleep.
The black mamba closely misses you.
You closely miss the black mamba.
The black mamba is severely wounded.
You feel sick. The black mamba bites you!
You are more poisoned.
The black mamba poisons you!
A dream sheep comes into view.
Your shadow imp barely misses the black mamba.
The black mamba closely misses you.
You hit the black mamba but do no damage.
The black mamba is severely wounded.
You feel very sick. The black mamba barely misses you.
Your shadow imp hits the black mamba.
You closely miss the black mamba.
The black mamba is severely wounded.
You feel very sick. The black mamba misses you.
The dream sheep ruffles its wool and motes of dream dust sparkle, to no effect.
The black mamba barely misses you.
Your shadow imp barely misses the black mamba.
You hit the black mamba.
The black mamba is almost dead.
You feel sick.
The black mamba bites you but does no damage.
Your shadow imp misses the black mamba.
The black mamba bites you!
You focus on the pain.
You feel your power returning. The dream sheep closely misses you.
You are too injured to fight recklessly!
You swap places.
You feel very sick. The black mamba bites your iron imp.
The dream sheep bites your shadow imp!
Your shadow imp dies!
The black mamba bites your iron imp! Something bites your iron imp!
Your iron imp dies!
You see here 9 gold pieces.
Unknown command.
You feel sick.
You are too injured to fight recklessly!
You hit the black mamba.
The black mamba is almost dead.
You feel very sick. The black mamba misses you.
The black mamba closely misses you.
You hit the black mamba. Your punch misses the black mamba.
The black mamba is almost dead.
You feel sick. The black mamba barely misses you.
The dream sheep ruffle their wool and motes of dream dust sparkle, to no effect.
Evoke which item? (* to show all) (? for menu, Esc to quit)
Aiming: Throw Flame
Press: ? - help, Shift-Dir - straight line, f/p - black mamba
Aim: a black mamba (almost dead)
The puff of flame hits the black mamba but does no damage.
The black mamba is almost dead.
You feel sick.
The black mamba bites you but does no damage.
The dream sheep bites you but does no damage.
The dream sheep shake their wool and sparkle.
You feel drowsy...
You fall asleep.
The black mamba misses you.
You feel sick. The black mamba bites you!!!
You wake up.
* * * LOW HITPOINT WARNING * * *
You are lethally poisoned!
The black mamba poisons you! The dream sheep closely misses you.
A dream sheep comes into view.
The black mamba bites you!
You die...

#.....# #....####
#..##.#. ......#.#
#....#. ......>.#####
#.....
.....#...##P###....##
#..####...P..##.....#
#### #.......##....#
.#.......P#...#
#..........Y@.#
#.........#S#.##
#.......#...Y...#
###....#.Y##.####
#..#####.#### ##. ..#
# ...# #.Y.. Y....


You could see a black mamba and 3 dream sheep.

Vanquished Creatures
  Harold (D:8)
  A hydra (Lair:2)
  A two-headed ogre (D:8)
  2 will-o'-wisps (Lair:2)
  A cane toad (Lair:2)
  A rime drake (Lair:2)
  2 komodo dragons
  A dryad (D:9)
  4 trolls
  4 hippogriffs
  A dream sheep (Lair:3)
  8 spriggans (Lair:2)
  A wyvern (D:9)
  A wraith (D:10)
  3 hogs (D:7)
  5 yaks
  2 basilisks
  A human (D:6)
  A hungry ghost (D:7)
  4 crocodiles
  A water moccasin (D:7)
  3 porcupines (Lair:1)
  Duvessa (D:6)
  6 ice beasts
  5 orc warriors
  4 sky beasts
  3 black bears (D:9)
  2 necrophages
  A phantom (D:4)
  6 ogres
  8 bullfrogs
  2 kobold brigands
  2 centaurs
  2 scorpions
  Dowan (D:6)
  A killer bee (D:7)
  A statue (D:9)
  4 wights (D:6)
  2 howler monkeys
  2 electric eels
  An orc priest (D:10)
  2 bullfrog zombies
  6 crimson imps
  4 quasits
  5 hounds
  2 bullfrog skeletons
  A jelly (D:9)
  Jessica (D:3)
  An iguana (D:6)
  11 orc wizards
  8 worker ants
  3 hound skeletons
  A worker ant zombie (D:8)
  10 adders
  A howler monkey skeleton (D:4)
  3 shadow imps (D:5)
  2 oozes
  2 adder skeletons
  2 adder zombies
  2 worms (D:3)
  A dart slug (D:4)
  4 leopard geckos
  39 orcs
  A ball python (D:1)
  4 bats
  3 giant cockroaches
  12 goblins
  8 hobgoblins
  4 jackals
  7 quokkas
  7 frilled lizards
  A jackal skeleton (D:4)
  20 kobolds
  5 rats
286 creatures vanquished.

Vanquished Creatures (collateral kills)
  A two-headed ogre (D:9)
  An elephant (D:9)
  2 spriggans (Lair:2)
  A yak (Lair:2)
  A hungry ghost (D:8)
  An adder (D:9)
  An orc (D:10)
  2 kobolds (D:9)
10 creatures vanquished.

Vanquished Creatures (others)
  A sky beast (D:9)
  A plant (Lair:3)
2 creatures vanquished.

Grand Total: 298 creatures vanquished

Notes
Turn   | Place    | Note
-------+----------+-------------------------------------------
     0 | D:1      | MisterOstroum the Demonspawn Monk began the quest for the
                  | Orb.
     0 | D:1      | Reached XP level 1. HP: 18/18 MP: 2/2
    78 | D:1      | Gained mutation: You have a pair of small antennae on your
                  | head. [demonic ancestry]
    78 | D:1      | Reached XP level 2. HP: 24/24 MP: 4/4
   846 | D:2      | Reached XP level 3. HP: 29/29 MP: 5/5
   916 | D:2      | Noticed Sigmund
  1814 | D:3      | Gained mutation: You have sharp toenails. [demonic
                  | ancestry]
  1814 | D:3      | Reached XP level 4. HP: 21/35 MP: 6/6
  1945 | D:3      | Reached skill level 1 in Throwing
  2071 | D:3      | Noticed Jessica
  2077 | D:3      | Killed Jessica
  2078 | D:3      | Reached skill level 2 in Throwing
  2112 | D:3      | Gained mutation: You have razor-sharp toenails. [demonic
                  | ancestry]
  2112 | D:3      | Reached XP level 5. HP: 31/41 MP: 5/7
  2237 | D:3      | Reached skill level 3 in Throwing
  2570 | D:3      | Noticed an ogre
  2578 | D:3      | Killed an ogre
  2579 | D:3      | Reached skill level 4 in Throwing
  2579 | D:3      | Reached XP level 6. HP: 45/47 MP: 8/8
  2901 | D:4      | Reached skill level 1 in Evocations
  3270 | D:4      | Gained mutation: You sometimes gain a little power by
                  | taking damage. [demonic ancestry]
  3270 | D:4      | Reached XP level 7. HP: 42/52 MP: 6/9
  3445 | D:4      | Reached skill level 5 in Throwing
  4473 | D:5      | Entered Level 5 of the Dungeon
  4540 | D:4      | Gained mutation: You have a pair of antennae on your head.
                  | [demonic ancestry]
  4540 | D:4      | Reached XP level 8. HP: 54/61 MP: 10/10
  4589 | D:4      | Reached skill level 6 in Throwing
  4920 | D:5      | Reached skill level 5 in Fighting
  5236 | D:6      | Found Fypla's Weapon Emporium.
  5471 | D:6      | Reached skill level 7 in Throwing
  5520 | D:6      | Noticed Dowan
  5523 | D:6      | Noticed Duvessa
  5525 | D:6      | Killed Dowan
  5531 | D:6      | Killed Duvessa
  5532 | D:6      | Reached skill level 5 in Dodging
  5744 | D:6      | Gained mutation: You have sharp fingernails. [demonic
                  | ancestry]
  5744 | D:6      | Reached XP level 9. HP: 69/69 MP: 11/11
  5878 | D:6      | Found a blossoming altar of Fedhas.
  6140 | D:7      | Found a corrupted altar of Lugonu.
  6140 | D:7      | Found a shimmering altar of Xom.
  6140 | D:7      | Found a hide-covered altar of Uskayaw.
  6140 | D:7      | Found a snail-covered altar of Cheibriados.
  6162 | D:7      | Reached skill level 8 in Throwing
  6169 | D:7      | Found a shattered altar of Ashenzari.
  6170 | D:7      | Found a shadowy altar of Dithmenos.
  6708 | D:7      | Noticed a troll
  6738 | D:7      | Killed a troll
  6739 | D:7      | Reached skill level 9 in Throwing
  7111 | D:7      | Noticed a four-headed hydra
  7208 | D:7      | Found a staircase to the Ecumenical Temple.
  7213 | Temple   | Entered the Ecumenical Temple
  7243 | Temple   | Became a worshipper of Warmaster Okawaru
  7243 | Temple   | Reached * piety under Okawaru
  7243 | Temple   | Reached ** piety under Okawaru
  7404 | D:8      | Found Neohin's Armour Shoppe.
  7414 | D:8      | Gained mutation: A weak demonic guardian rushes to your
                  | aid. [demonic ancestry]
  7414 | D:8      | Reached XP level 10. HP: 79/79 MP: 12/12
  7437 | D:8      | Noticed Harold
  7747 | D:8      | Reached skill level 10 in Throwing
  8084 | D:8      | Reached *** piety under Okawaru
  8111 | D:8      | Noticed a two-headed ogre
  8117 | D:8      | Killed a two-headed ogre
  8117 | D:8      | Received a gift from Okawaru
  8210 | D:8      | Killed Harold
  8210 | D:8      | Reached **** piety under Okawaru
  8211 | D:8      | Reached skill level 5 in Invocations
  8732 | D:9      | Noticed a two-headed ogre
  8796 | D:9      | Noticed an elephant
  8876 | D:9      | Found a staircase to the Lair.
  8893 | D:9      | Reached skill level 1 in Armour
  8893 | D:9      | Reached skill level 1 in Unarmed Combat
  8913 | D:9      | Killed a two-headed ogre
  8914 | D:9      | Reached skill level 11 in Throwing
  8926 | D:9      | Gained mutation: You sometimes gain power by taking damage.
                  | [demonic ancestry]
  8926 | D:9      | Reached XP level 11. HP: 87/87 MP: 15/15
  8945 | D:9      | Received a gift from Okawaru
  9399 | D:10     | Entered Level 10 of the Dungeon
  9403 | D:10     | Found a roughly hewn altar of Beogh.
  9523 | D:10     | Received a gift from Okawaru
  9878 | D:10     | Received a gift from Okawaru
  9880 | D:10     | Noticed a five-headed hydra
  9927 | Lair:1   | Entered Level 1 of the Lair of Beasts
 10435 | Lair:1   | Reached ***** piety under Okawaru
 10472 | Lair:1   | Found a shimmering altar of Xom.
 11189 | Lair:2   | Received a gift from Okawaru
 11278 | Lair:2   | Found a runed door.
 11279 | Lair:2   | Noticed a harpy
 11283 | Lair:2   | Noticed a harpy
 11285 | Lair:2   | Found a staircase to the Shoals.
 11286 | Lair:2   | Noticed a harpy
 11358 | Lair:2   | Upgraded the game from bcrawl-1.37.2 to bcrawl-1.38b
 11441 | Lair:2   | Received a gift from Okawaru
 11769 | Lair:2   | Noticed a five-headed hydra
 11799 | Lair:2   | Killed a five-headed hydra
 11800 | Lair:2   | Gained mutation: You have very sharp fingernails. [demonic
                  | ancestry]
 11800 | Lair:2   | Reached XP level 12. HP: 79/96 MP: 11/18
 11901 | Lair:2   | Reached skill level 12 in Throwing
 11934 | Lair:2   | Found a staircase to the Swamp.
 12237 | Lair:3   | Slain by a black mamba

Skill      XL: |  1  2  3  4  5  6  7  8  9 10 11 12 |
---------------+-------------------------------------+-----
Polearms       | 3 4 |  4.4
Throwing       | 2 4 5 7 9 11 12 | 12.0
Evocations     | 3 |  3.0
Dodging        | 3 5 6 |  6.5
Fighting       | 4 5 7 8 9 |  9.4
Invocations    | 3 6 8 |  8.2
Armour         | 1 3 4 |  4.0
Unarmed Combat | 1 3 4 |  4.0
Stealth        | |  2.0

Action                   |  1- 3 |  4- 6 |  7- 9 | 10-12 || total
-------------------------+-------+-------+-------+-------++-------
Melee: Spear             |   177 |   143 |   315 |   183 ||   818
       Kick              |       |    12 |       |       ||    12
       Dagger            |       |       |    91 |   188 ||   279
       Punch             |       |       |       |     1 ||     1
       Unarmed           |       |       |       |     4 ||     4
Throw: Stone             |     7 |    65 |   150 |   177 ||   399
       Tomahawk          |       |     7 |    66 |   104 ||   177
       Javelin           |       |       |       |    27 ||    27
Invok: Heroism           |       |       |       |     1 ||     1
Evoke: Wand              |       |       |     1 |     2 ||     3
  Use: Scroll            |     1 |     4 |     3 |    11 ||    19
 Stab: Sleeping          |    10 |       |     1 |       ||    11
       Distracted        |       |       |       |     6 ||     6
  Eat: Chunk             |     7 |     9 |    26 |    32 ||    74
       Ration            |       |       |     1 |       ||     1
Armor: Robe              |    16 |     6 |       |       ||    22
       Ring mail         |       |    16 |   132 |       ||   148
       Troll leather arm |       |       |     4 |    90 ||    94
Dodge: Dodged            |    64 |    35 |   245 |   227 ||   571
